 Dungeon Crawl Stone Soup version 0.28.0 (webtiles) character file.

Game seed: 14655029255398485147

546 danielguo94 the Cudgeller (level 7, -1/43 HPs)
             Began as a Gargoyle Fighter on Feb 8, 2022.
             Slain by a hound (4 damage)
             ... on level 5 of the Dungeon.
             The game lasted 00:04:20 (4118 turns).

danielguo94 the Cudgeller (Gargoyle Fighter)        Turns: 4118, Time: 00:04:20

Health: -1/43      AC: 12    Str: 22    XL:     7   Next: 28%
Magic:  7/7        EV:  9    Int:  8    God:
Gold:   162        SH:  4    Dex:  9    Spells: 6/6 levels left

rFire   + . .      SeeInvis .   j - +2 whip (holy)
rCold   + . .      Faith    .   c - +0 buckler
rNeg    + . .      Spirit   .   b - +0 scale mail
rPois   ∞          Reflect  .   (no helmet)
rElec   +          Harm     .   u - scarf {rC+ rF+}
rCorr   .          Rampage  .   (no gloves)
Will    .....                   (no boots)
Stlth   ..........              (no amulet)
HPRegen 0.14/turn               (no ring)
MPRegen 0.10/turn               (no ring)

@: mighty
A: sickness immunity, AC +4, negative energy resistance 1, electricity
resistance, torment resistance 1, petrification resistance
a: no special abilities


You were on level 5 of the Dungeon.
You visited 1 branch of the dungeon, and saw 5 of its levels.

You collected 162 gold pieces.

Inventory:

Hand Weapons
 a - a +0 flail
 j - a +2 whip of holy wrath (weapon)
Missiles
 f - 142 stones (quivered)
 t - 5 atropa-tipped darts
 w - 17 poisoned darts
Armour
 b - a +0 scale mail (worn)
 c - a +0 buckler (worn)
 n - a +0 cloak
 u - a scarf of resistance (worn)
Jewellery
 m - an amulet of guardian spirit
 p - a ring of positive energy
Scrolls
 g - 3 scrolls of teleportation
 i - a scroll of enchant armour
 k - a scroll of fog
 l - a scroll of enchant weapon {unknown}
 o - 2 scrolls of immolation {unknown}
 q - 2 scrolls of blinking {unknown}
 v - a scroll of fear {unknown}
Potions
 d - a potion of lignification {unknown}
 e - a potion of attraction
 h - a potion of mutation {unknown}
 r - a potion of degeneration {unknown}
 s - a potion of curing {unknown}


   Skills:
 + Level 4.1 Fighting
 * Level 5.8 Maces & Flails
 + Level 5.0 Armour
 + Level 1.2 Dodging
 + Level 4.0 Shields


You had 6 spell levels left.
You didn't know any spells.
Your spell library contained the following spells:

 Spells                   Type           Power      Damage    Failure   Level
 Conjure Flame            Conj/Fire      0%         6-21      99%         3
 Ignite Poison            Fire/Tmut/Pois 0%         N/A       99%         3
 Sticky Flame             Conj/Fire      0%         2d3       100%        4


Dungeon Overview and Level Annotations

Branches:
Dungeon (5/15)
 Temple: D:4-7

Altars:
Elyvilon
Hepliaklqana
Nemelex Xobeh
Trog
Vehumet

Shops:
D:3 (

Annotations:
D:4 2 transporters, Arzaac's ghost, weakling DsGl


Innate Abilities, Weirdness & Mutations

You are immune to sickness and miasma.
Your stone body is resilient. (AC +4)
You are immune to poison.
You resist negative energy. (rN+)
You are resistant to electric shocks. (rElec)
You are resistant to unholy torment.
You are immune to petrification.


Message History

A gnoll comes into view. It is wielding a +0 flail.
Your Shields skill increases to level 4!
You block the gnoll's attack. The gnoll hits you but does no damage.
Things that are here:
a +0 whip; 6 gold pieces; a gnoll corpse You are too injured to fight recklessly!
You are too injured to fight recklessly!
The gnoll shouts!
You hear a bark!
The gnoll closely misses you. The gnoll barely misses you.
You whack the gnoll!
You kill the gnoll!
The gnoll hits you but does no damage.
You whack the gnoll!
The gnoll is severely wounded.
The gnoll closely misses you. The gnoll hits you but does no damage.
You whack the gnoll!
You kill the gnoll!
You block the gnoll's attack. The gnoll barely misses you.
Things that are here:
a +0 whip; a gnoll corpse You completely miss the gnoll.
The gnoll hits you but does no damage.
You hit the gnoll.
The gnoll is lightly wounded.
You whack the gnoll!
The gnoll is severely wounded.
The gnoll hits you but does no damage.
You whack the gnoll!
You kill the gnoll!
You block the hound's attack.
Found an amethyst potion.
You block the hound's attack. The hound bites you but does no damage.
Things that are here:
a +0 flail; 2 throwing nets; a +0 halberd The hound barely misses you.
You closely miss the hound.
The hound bites you but does no damage. x2
You whack the hound!
The hound is heavily wounded.
The hound bites you.
You die...

#.#.# #.#.#.#
#.#.#.# . #!#.#.#
#.# #.#.#.#
..##.#.#.######
?..#.#.#....#
.##.###.#.)......#
.......@))..#....#
.###....h...# ..#
#..#.###.# #
#..#.. #.# . ##
#.# #.#.. #.#
#.#.# #.#.# #.#.#
#### ....#
#)#.##...#
#..#+#.......#


You could see a hound.

Vanquished Creatures
  Edmund (D:5)
  A kobold brigand (D:4)
  A scorpion (D:5)
  2 jellies (D:5)
  Natasha (thrice) (D:2)
  Ijyb (D:3)
  A hound skeleton (D:4)
  4 gnolls (D:5)
  An adder (D:3)
  An orc (D:3)
  3 ball pythons
  An endoplasm (D:4)
  4 giant cockroaches
  5 hobgoblins
  4 jackals (D:2)
  A quokka (D:3)
  5 bats
  4 frilled lizards
  9 goblins
  27 kobolds
  10 rats
89 creatures vanquished.

Vanquished Creatures (others)
  30 plants (D:4)
30 creatures vanquished.

Grand Total: 119 creatures vanquished

Notes
Turn   | Place    | Note
-------+----------+-------------------------------------------
     0 | D:1      | danielguo94 the Gargoyle Fighter began the quest for the
                  | Orb.
     0 | D:1      | Reached XP level 1. HP: 14/14 MP: 1/1
   357 | D:1      | Reached XP level 2. HP: 19/19 MP: 2/2
  1005 | D:2      | Reached XP level 3. HP: 18/23 MP: 3/3
  1173 | D:2      | Noticed Natasha
  1185 | D:2      | Killed Natasha
  1191 | D:2      | Reached XP level 4. HP: 17/29 MP: 4/4
  1490 | D:2      | Noticed Natasha
  1497 | D:2      | Killed Natasha
  1570 | D:2      | Found a faded altar of an unknown god.
  1622 | D:2      | Noticed Natasha
  1635 | D:2      | Killed Natasha
  1783 | D:3      | Found a sparkling altar of Nemelex Xobeh.
  1973 | D:3      | Found Hiten's Antique Weapon Shop.
  1983 | D:3      | Reached XP level 5. HP: 31/33 MP: 5/5
  1988 | D:3      | Identified the +4 ring mail of the Trilobite {Harm Str+3}
  2013 | D:3      | Noticed Ijyb
  2064 | D:3      | Killed Ijyb
  2332 | D:3      | Found a hazy altar of Hepliaklqana.
  2332 | D:3      | Found a white marble altar of Elyvilon.
  2585 | D:3      | Found a radiant altar of Vehumet.
  2932 | D:4      | Found a transporter.
  2938 | D:4      | Found a transporter.
  2938 | D:4      | Noticed Arzaac's ghost (weakling DsGl)
  3048 | D:4      | Found a bloodstained altar of Trog.
  3061 | D:4      | Reached skill level 1 in Dodging
  3199 | D:4      | Noticed a kobold brigand
  3244 | D:4      | Killed a kobold brigand
  3245 | D:4      | Reached XP level 6. HP: 24/38 MP: 6/6
  3887 | D:5      | Entered Level 5 of the Dungeon
  4056 | D:5      | Noticed Edmund
  4073 | D:5      | Reached skill level 5 in Maces & Flails
  4078 | D:5      | Killed Edmund
  4079 | D:5      | Reached XP level 7. HP: 5/43 MP: 7/7
  4094 | D:5      | Reached skill level 5 in Armour
  4101 | D:5      | HP: 2/43 [gnoll (2)]
  4118 | D:5      | Slain by a hound

Illustrated notes

Levels and vault maps discovered:
D:1:      elethiomel_arrival_diamonds, layout_loops_ring
D:2:      layout_loops_ring, shapermc_ecumenical_altar_flowoftime, uniq_natasha
D:3:      layout_basic, nemelex_xobeh_ov_fountains_minmay, vehumet_crystals,
          chequers_temple_overflow_statue_of_worship, serial_shops, shop,
          st_stairs_1, uniq_ijyb
D:4:      kennysheep_kobold_camp, layout_basic,
          mainiacjoe_overflow_cross_hatched, gammafunk_ghost_mausoleum
D:5:      layout_basic, temple_hall, nicolae_elevator_lobby_plus, uniq_edmund

Skill      XL: |  1  2  3  4  5  6  7 |
---------------+----------------------+-----
Maces & Flails | 3 4 5 |  5.8
Armour         | 4 5 |  5.0
Dodging        | 1 |  1.2
Fighting       | 4 |  4.1
Shields        | 4 |  4.0

Action                   |  1- 3 |  4- 6 |  7- 9 || total
-------------------------+-------+-------+-------++-------
Melee: Flail             |    20 |       |       ||    20
       Whip              |    89 |   295 |    18 ||   402
  Use: Scroll            |       |     4 |       ||     4
       Potion            |       |     1 |       ||     1
Armor: Scale mail        |    79 |   118 |    10 ||   207
Dodge: Dodged            |    64 |    82 |     9 ||   155
Block: Buckler           |    18 |    31 |     7 ||    56
